 Dungeon Crawl Stone Soup version 0.26.1-11-gd32895ea62 (webtiles) character file.

Game seed: 5135783711599956958

260 Zeld the Digger (level 6, 0/35 HPs)
             Began as a Gargoyle Earth Elementalist on June 14, 2021.
             Killed from afar by an orc wizard (10 damage)
             ... with a puff of flame
             ... on level 4 of the Dungeon.
             The game lasted 00:04:14 (3467 turns).

Zeld the Digger (Gargoyle Earth Elementalist)       Turns: 3467, Time: 00:04:15

Health: 0/35       AC:  8    Str: 12    XL:     6   Next: 17%
Magic:  1/11       EV: 12    Int: 17    God:
Gold:   182        SH:  0    Dex: 10    Spells: 1/11 levels left

rFire    . . .     SeeInvis .   (no weapon)
rCold    . . .     Faith    .   (no shield)
rNeg     + . .     Spirit   .   c - +0 robe
rPois    ∞         Reflect  .   (no helmet)
rElec    +         Harm     .   (no cloak)
rCorr    .         Rampage  .   o - +1 pair of gloves
Will     .....                  (no boots)
Stlth    ++........             (no amulet)
HPRegen  0.11/turn              (no ring)
MPRegen  0.12/turn              (no ring)

@: no status effects
A: negative energy resistance 1, electricity resistance, unbreathing,
petrification resistance, miasma immunity, AC +4
a: no special abilities


You were on level 4 of the Dungeon.
You visited 1 branch of the dungeon, and saw 4 of its levels.

You collected 182 gold pieces.

Inventory:

Missiles
 b - 13 stones (quivered)
Armour
 c - a +0 robe (worn)
 o - a +1 pair of gloves (worn)
 t - a +0 kite shield
Jewellery
 h - a +4 ring of protection {unknown}
 l - an uncursed ring of willpower {unknown}
Scrolls
 e - 3 scrolls of remove curse {unknown}
 f - a scroll of blinking {unknown}
 g - a scroll of random uselessness {unknown}
 i - 5 scrolls of identify {unknown}
 j - a scroll of enchant armour {unknown}
 q - 2 scrolls of teleportation {unknown}
 r - 3 scrolls of fear {unknown}
 v - a scroll of magic mapping {unknown}
Potions
 a - 2 potions of flight {unknown}
 d - 2 potions of berserk rage {unknown}
 k - a potion of haste
 m - a potion of heal wounds {unknown}
 n - 2 potions of curing {unknown}
 p - a potion of resistance {unknown}
 s - a potion of attraction {unknown}
 u - a potion of might {unknown}


   Skills:
 + Level 2.2 Fighting
 + Level 2.3 Dodging
 + Level 3.3 Stealth
 * Level 3.4 Spellcasting
 - Level 1.0 Transmutations
 * Level 5.3 Earth Magic


You had one spell level left.
You knew the following spells:

 Your Spells              Type           Power        Failure   Level
a - Sandblast             Erth           40%          1%          1
b - Passwall              Tmut/Erth      10%          7%          2
c - Stone Arrow           Conj/Erth      22%          17%         3
d - Petrify               Tmut/Erth      13%          41%         4

Your spell library contained the following spells:

 Spells                   Type           Power        Failure   Level
 Lee's Rapid Deconstruct  Erth           10%          47%         5


Dungeon Overview and Level Annotations

Branches:
Dungeon (4/15)
 Temple: D:4-7

Altars:
Kikubaaqudgha
Qazlal


Innate Abilities, Weirdness & Mutations

You are resistant to torment.
Your stone body is resilient. (AC +4)
You are immune to poison.
You resist negative energy. (rN+)
You are resistant to electric shocks. (rElec)
You can survive without breathing.
You are immune to petrification.
You are immune to miasma.


Message History

Aim: an orc priest, wielding a +0 hand axe (severely wounded, 19% to evade)
The blast of sand hits the orc priest!
You kill the orc priest!
b - 14 stones
Casting: Sandblast (safe; 1% risk of failure)
Confirm with . or Enter, or press ? or * to list all spells.
Aiming: Sandblast (safe; 1% risk of failure)
Press: ? - help, Shift-Dir - straight line, f - orc
Aim: an orc, wielding a +0 war axe and wearing a +0 leather armour (19% to evade)
The blast of sand hits the orc.
The orc is moderately wounded.
b - 13 stones
Casting: Sandblast (safe; 1% risk of failure)
Confirm with . or Enter, or press ? or * to list all spells.
You don't have enough magic to cast that spell.
There is an open door here.
An orc comes into view. It is wielding a +0 flail.
A puff of flame appears from out of thin air!
The puff of flame hits you!
You die...

#..# #. #.†####.#
#. #.......# ##.#
##...##### ....
##.....## #..##
##.......##
##...####.........#
#.....).'.o.......+
##..)####o{.....@<#
....†# ##.......##
##.#o# ##...[.##
#.#.# ##...## # #o#
##+## #o# #.# #o#


You could see 2 orcs.

Vanquished Creatures
  An orc priest (D:4)
  Jessica (D:3)
  2 worker ants (D:4)
  7 adders
  2 oozes (D:2)
  3 worms
  2 dart slugs
  4 leopard geckos
  3 orcs
  9 bats
  6 giant cockroaches
  6 goblins
  7 hobgoblins
  A quokka (D:3)
  4 frilled lizards
  9 kobolds
  8 rats
75 creatures vanquished.

Notes
Turn   | Place    | Note
-------+----------+-------------------------------------------
     0 | D:1      | Zeld the Gargoyle Earth Elementalist began the quest for
                  | the Orb.
     0 | D:1      | Reached XP level 1. HP: 10/10 MP: 3/3
   296 | D:1      | Reached XP level 2. HP: 15/15 MP: 3/5
   299 | D:1      | Learned a level 2 spell: Passwall
  1216 | D:2      | Reached skill level 1 in Transmutations
  1269 | D:2      | Reached skill level 4 in Earth Magic
  1269 | D:2      | Reached XP level 3. HP: 19/20 MP: 4/6
  1276 | D:2      | Learned a level 3 spell: Stone Arrow
  1482 | D:2      | Reached skill level 1 in Fighting
  1554 | D:2      | Reached XP level 4. HP: 25/25 MP: 1/8
  1973 | D:2      | Found a stormy altar of Qazlal.
  2392 | D:3      | Reached XP level 5. HP: 29/29 MP: 7/9
  2397 | D:3      | Learned a level 4 spell: Petrify
  2612 | D:3      | Found an ancient bone altar of Kikubaaqudgha.
  2959 | D:3      | Noticed Jessica
  2965 | D:3      | Killed Jessica
  3208 | D:3      | Reached skill level 5 in Earth Magic
  3447 | D:4      | Reached XP level 6. HP: 22/35 MP: 6/11
  3467 | D:4      | Killed from afar by an orc wizard

Illustrated notes

Levels and vault maps discovered:
D:1:      dpeg_arrival_arbitrary_c, layout_basic, item_on_display_a
D:2:      layout_basic, overflow_temple_1_default, minmay_puff
D:3:      layout_basic, kiku_gazebo_garden_becter, uniq_jessica
D:4:      layout_loops_corners, fedhas_altar_2

Skill      XL: |  1  2  3  4  5 |
---------------+----------------+-----
Transmutations | 1 |  1.0
Earth Magic    | 4 5 |  5.3
Fighting       | 1 2 |  2.2
Dodging        | 2 |  2.3
Spellcasting   | 3 |  3.4
Stealth        | 3 |  3.3

Action                   |  1- 3 |  4- 6 || total
-------------------------+-------+-------++-------
Melee: Unarmed           |     3 |     9 ||    12
 Cast: Sandblast         |    43 |    76 ||   119
       Passwall          |     2 |     3 ||     5
Armor: Robe              |     3 |     6 ||     9
Dodge: Dodged            |    16 |    19 ||    35
